 Dungeon Crawl Stone Soup version 0.23.0 (webtiles) character file.

Game seed: 15474279536236339348

1092 LLavrengius the Cleaver (level 8, 0/77 HPs)
             Began as a Hill Orc Fighter on Feb 17, 2019.
             Killed from afar by a starcursed mass (8 damage)
             ... with an accursed screaming
             ... on level 1 of the Abyss.
             The game lasted 00:10:46 (3822 turns).

LLavrengius the Cleaver (Hill Orc Fighter)          Turns: 3822, Time: 00:10:47

Health: 0/77       AC:  9    Str: 25    XL:     8   Next: 31%
Magic:  8/8        EV:  8    Int:  8    God:
Gold:   248        SH:  0    Dex: 10    Spells: 7/7 levels left

rFire    . . .     SeeInvis .   d - +4 battleaxe (chop)
rCold    . . .     Gourm    .   (shield currently unavailable)
rNeg     . . .     Faith    .   s - +0 chain mail
rPois    .         Spirit   .   (no helmet)
rElec    .         Reflect  .   (no cloak)
rCorr    .         Harm     .   (no gloves)
MR       .....                  (no boots)
Stlth    ..........             l - amulet of magic regeneration
HPRegen  0.22/turn              k - +4 ring of strength
MPRegen  0.36/turn              (no ring)

@: no status effects
A: no striking features
a: no special abilities


You were on level 1 of the Abyss.
You were not hungry.

You visited 1 branch of the dungeon, and saw 5 of its levels.
You visited the Abyss 1 time.
You also visited: Ossuary.

You collected 248 gold pieces.

Inventory:

Hand Weapons
 a - a +1 war axe
 d - a +4 battleaxe of chopping (weapon)
Armour
 c - a +1 shield
 s - a +0 chain mail (worn)
Jewellery
 k - a +4 ring of strength (left hand)
 l - an amulet of magic regeneration (around neck)
 p - a cursed ring of attention {unknown}
Wands
 x - a wand of digging (6)
Scrolls
 e - 8 scrolls of remove curse
 g - 3 scrolls of enchant armour
Potions
 b - 2 potions of agility
 h - 2 potions of degeneration {unknown}
 i - a potion of brilliance {unknown}
 j - 9 potions of curing
 m - 2 potions of flight {unknown}
 n - a potion of mutation {unknown}
 o - 5 potions of haste {unknown}
 q - a potion of invisibility {unknown}
 r - a potion of heal wounds {unknown}
Comestibles
 f - 6 rations


   Skills:
 + Level 8.9 Fighting
 + Level 9.2 Axes
 - Level 3.2 Armour
 - Level 3.2 Shields


You had 7 spell levels left.
You didn't know any spells.
Your spell library contained the following spells:

 Spells                   Type           Power        Failure   Level  Hunger
 Animate Skeleton         Necr           N/A          96%         1    ##.....
 Apportation              Tloc           #.....       96%         1    ##.....
 Confusing Touch          Hex            #.....       96%         1    ##.....
 Summon Small Mammal      Summ           #...         96%         1    ##.....


Dungeon Overview and Level Annotations

Branches:
Dungeon (5/15)
 Temple: D:4-7

Altars:
Ashenzari
Dithmenos
Elyvilon
Fedhas
Gozag
Nemelex Xobeh
Uskayaw
Wu Jian
Yredelemnul


Message History

The starcursed mass engulfs you!
Tentacles burst from the starspawn's body!
A chorus of shrieks assaults your mind.
* * * LOW HITPOINT WARNING * * *
A starspawn tentacle comes into view.
The starcursed mass engulfs you but does no damage.
A starcursed mass splits.
A chorus of shrieks assaults your mind.
* * * LOW HITPOINT WARNING * * *
A starcursed mass splits. x2
A starcursed mass splits.
A starcursed mass splits.
A deafening chorus of shrieks assaults your mind!
* * * LOW HITPOINT WARNING * * *
You suddenly lose the ability to move!
A starcursed mass splits.
You can move again.
Tentacles burst from the starspawn's body! 2 starspawn tentacles come into view.
A deafening chorus of shrieks assaults your mind!
You die...

.# ####.#### # # ##
#....... #'
#.#.##.#...## ... #
...#....#.## ....
.......#X.... .....
##.─XX..##.#
#.#...####X.XX.....
.
......'@.XX..wX.###
# .
......####...##...#
# ..... ##.###.###
# # # ..... # ###
#.# #...# #w# #'#
#. #X# #.#. .#
#####w# .### ##X#.#
# .#.. ...# . .
..## .#..#.#.# ##


You could see 7 starcursed masses, a tentacled starspawn and a starspawn
tentacle.

Vanquished Creatures
  The ghost of literoy the Cudgeler, a novice MiBe of Trog (D:5)
  2 wraiths (Ossuary)
  2 wights (Ossuary)
  2 hounds
  A centaur zombie (Ossuary)
  An orc priest (D:4)
  3 orc wizards
  A worker ant (D:4)
  3 adders
  A shadow imp (D:3)
  An ooze (D:4)
  An adder zombie (Ossuary)
  A worm (D:2)
  4 leopard geckos
  7 orcs
  6 giant cockroaches
  8 goblins
  10 hobgoblins
  4 jackals (D:2)
  5 quokkas
  A ball python (D:1)
  7 bats
  12 frilled lizards
  A hobgoblin skeleton (Ossuary)
  2 hobgoblin zombies (Ossuary)
  15 kobolds
  2 kobold zombies (Ossuary)
  2 orc skeletons (Ossuary)
  30 rats
136 creatures vanquished.

Vanquished Creatures (others)
  A plant (D:5)
  15 starspawn tentacles (Abyss:1)
16 creatures vanquished.

Grand Total: 152 creatures vanquished

Notes
Turn   | Place    | Note
-------+----------+-------------------------------------------
     0 | D:1      | LLavrengius the Hill Orc Fighter began the quest for the
                  | Orb.
     0 | D:1      | Reached XP level 1. HP: 19/19 MP: 1/1
    40 | D:1      | Reached skill level 3 in Axes
    72 | D:1      | Reached XP level 2. HP: 27/27 MP: 2/2
   337 | D:1      | Reached XP level 3. HP: 34/34 MP: 3/3
   858 | D:2      | Reached skill level 4 in Axes
  1182 | D:2      | Found a shattered altar of Ashenzari.
  1182 | D:2      | Found a shadowy altar of Dithmenos.
  1302 | D:2      | Found a faded altar of an unknown god.
  1338 | D:2      | Reached skill level 5 in Fighting
  1338 | D:2      | Reached XP level 4. HP: 42/42 MP: 4/4
  1361 | D:2      | Reached skill level 5 in Axes
  1659 | D:2      | Reached XP level 5. HP: 44/48 MP: 5/5
  2178 | D:3      | Found an ornate altar of the Wu Jian Council.
  2667 | D:4      | Reached XP level 6. HP: 49/57 MP: 6/6
  2680 | D:4      | Reached skill level 6 in Axes
  2879 | D:4      | Found a hide-covered altar of Uskayaw.
  2879 | D:4      | Found an opulent altar of Gozag.
  2880 | D:4      | Found a sparkling altar of Nemelex Xobeh.
  2954 | D:4      | Found a sand-covered staircase.
  2959 | Ossuary  | Entered an ossuary
  3057 | Ossuary  | Noticed a wraith
  3057 | Ossuary  | Noticed a flying skull
  3063 | Ossuary  | Noticed a flying skull
  3089 | Ossuary  | Noticed a flying skull
  3098 | Ossuary  | Noticed a wraith
  3113 | Ossuary  | Killed a wraith
  3113 | Ossuary  | Reached skill level 7 in Axes
  3113 | Ossuary  | Reached XP level 7. HP: 28/66 MP: 7/7
  3125 | Ossuary  | Noticed a wraith
  3127 | Ossuary  | Killed a wraith
  3150 | Ossuary  | Noticed a flying skull
  3160 | Ossuary  | Reached skill level 8 in Axes
  3377 | D:4      | Found a white marble altar of Elyvilon.
  3504 | D:4      | Found a basalt altar of Yredelemnul.
  3611 | D:5      | Entered Level 5 of the Dungeon
  3667 | D:5      | Found a blossoming altar of Fedhas.
  3688 | D:5      | Found a runed translucent gate.
  3688 | D:5      | Found a runed translucent gate.
  3688 | D:5      | Found a runed translucent gate.
  3690 | D:5      | Noticed literoy's ghost (novice MiBe)
  3702 | D:5      | Killed literoy's ghost
  3702 | D:5      | Reached skill level 9 in Axes
  3702 | D:5      | Reached XP level 8. HP: 40/77 MP: 8/8
  3707 | D:5      | Cast into level 1 of the Abyss (kobold)
  3745 | Abyss:1  | Noticed a tentacled starspawn
  3807 | Abyss:1  | Found an ornate altar of the Wu Jian Council.
  3811 | Abyss:1  | Noticed a starcursed mass
  3820 | Abyss:1  | Paralysed by accursed screaming for 1 turns
  3822 | Abyss:1  | Killed from afar by a starcursed mass

Skill      XL: |  1  2  3  4  5  6  7 |
---------------+----------------------+-----
Axes           | 3 4 5 7 9 |  9.2
Fighting       | 4 5 6 7 8 |  8.9
Armour         | |  3.2
Shields        | |  3.2

Action                   |  1- 3 |  4- 6 |  7- 9 || total
-------------------------+-------+-------+-------++-------
Melee: War axe           |   130 |   181 |     8 ||   319
       Battleaxe         |       |       |    41 ||    41
  Use: Scroll            |       |     4 |     8 ||    12
       Potion            |       |     1 |       ||     1
  Eat: Chunk             |     1 |     6 |     3 ||    10
Armor: Scale mail        |    58 |    19 |       ||    77
       Chain mail        |       |    79 |    24 ||   103
Dodge: Dodged            |    35 |    46 |    15 ||    96
Block: Shield            |    48 |   101 |     4 ||   153
